WCHLSIM.com - West Coast Hockey League
html PUBLIC "-//W3C//DTD XHTML 1.0 Transitional//EN" "http://www.w3.org/TR/xhtml1/DTD/xhtml1-transitional.dtd"> WCHL - Game 757 - RENO LIONS vs PORTLAND PIRATES

RENO LIONS vs PORTLAND PIRATES

Created - 28 janvier 2024 at 22:02

Goals
1 2 3 T
RENO LIONS 0 1 1 2
PORTLAND PIRATES 1 1 1 3
Shots
1 2 3 T
RENO LIONS 7 10 6 23
PORTLAND PIRATES 15 11 8 34

1st period

1. PORTLAND PIRATES , Yanni Gourde 12 (Chandler Stephenson 26, Robert Thomas 25) at 5:38

Penalties :
Pierre-Luc Dubois (REN) for Holding (Minor) at 6:56

2nd period

2. PORTLAND PIRATES , Marc Staal 3 (Michael McLeod 5, William Carrier 6) at 16:38
3. RENO LIONS , Pierre-Luc Dubois 13 (Elias Pettersson 40) at 16:46

Penalties :
Robert Thomas (POR) for Hooking (Minor) at 2:36, Kirill Kaprizov (REN) for Tripping (Minor) at 16:49

3rd period

4. PORTLAND PIRATES , Travis Konecny 22 (Mika Zibanejad 30, Pavel Zacha 21) at 0:43
5. RENO LIONS , Robert Hagg 1 (Marian Studenic 1, Brady Skjei 8) at 8:13

Penalties :
Michael Amadio (POR) for Boarding (Minor) at 9:11, Travis Konecny (POR) for Holding (Minor) at 14:48

Goalie Stats

Stuart Skinner (REN), 31 saves from 34 shots - (0,912), L, 17-17-4, 60:00 minutes
Martin Jones (POR), 21 saves from 23 shots - (0,913), W, 25-15-1, 60:00 minutes

Players Stats for RENO LIONS

Player Name              G  A  P  +/- PIM S  H  SB GA TA FO     MP     PP MP  PK MP  
------------------------------------------------------------------------------------
Alex Steeves             0  0  0   0  0   0  0  0  0  0  1/6     8:36   0:00   0:00 
Andreas Johnsson         0  0  0   0  0   0  1  0  0  0  0/2    10:03   0:00   1:27 
Brady Skjei              0  1  1   0  0   2  0  2  0  0  0/0    23:44   3:34   2:04 
Dante Fabbro             0  0  0   0  0   0  3  1  0  0  0/0    17:39   0:00   0:00 
Dylan Strome             0  0  0  -2  0   4  0  0  0  0  0/2    20:04   2:50   0:00 
Elias Pettersson         0  1  1   1  0   3  0  1  0  0  1/6    21:32   3:07   2:31 
Ethan Bear               0  0  0  -1  0   0  4  2  0  0  0/0    19:48   3:34   1:54 
Justin Schultz           0  0  0  -1  0   0  1  2  0  0  0/0    23:21   2:23   2:04 
Juuso Valimaki           0  0  0  -1  0   0  5  2  0  0  0/0    18:37   2:23   1:54 
Kirill Kaprizov          0  0  0   1  2   3  0  0  0  0  0/2    19:51   3:07   0:51 
Marcus Foligno           0  0  0  -2  0   1  3  0  0  0  0/2    17:14   0:00   0:00 
Marian Studenic          0  1  1   0  0   1  0  0  0  0  0/1     8:36   0:00   0:00 
Nicholas Ritchie         0  0  0   0  0   1  0  0  0  0  0/0     8:21   0:00   0:00 
Nick Bjugstad            0  0  0  -2  0   2  0  0  0  0  14/28  22:35   2:50   2:31 
Patrick Brown            0  0  0   0  0   0  0  0  0  0  0/0     8:21   0:00   0:00 
Pierre-Luc Dubois        1  0  1   1  2   2  1  0  0  0  12/24  19:36   3:07   0:36 
Robert Hagg              1  0  1   1  0   1  0  1  0  0  0/0    16:51   0:00   0:00 
Trent Frederic           0  0  0   0  0   3  0  0  0  0  2/10   11:11   2:50   0:00 

Players Stats for PORTLAND PIRATES

Player Name              G  A  P  +/- PIM S  H  SB GA TA FO     MP     PP MP  PK MP  
------------------------------------------------------------------------------------
Alec Martinez            0  0  0   1  0   0  0  0  0  0  0/0    17:18   0:00   2:41 
Brett Pesce              0  0  0  -1  0   2  1  0  0  0  0/0    21:19   0:00   3:16 
Brian Dumoulin           0  0  0   1  0   0  2  0  0  0  0/0    20:24   0:00   2:41 
Chandler Stephenson      0  1  1  -1  0   3  2  0  0  0  15/18  19:49   2:15   0:43 
Marc Staal               1  0  1   1  0   3  2  2  0  0  0/0    13:19   0:00   3:16 
Michael Amadio           0  0  0   1  2   1  0  0  0  0  1/1    14:00   2:25   0:53 
Michael McLeod           0  1  1   1  0   2  0  0  0  0  14/25  16:06   1:33   3:32 
Mika Zibanejad           0  1  1   1  0   5  0  1  0  0  15/24  19:28   2:15   0:00 
Nathan Bastian           0  0  0   0  0   1  1  1  0  0  0/3     9:30   0:00   4:12 
Nick Holden              0  0  0   0  0   0  0  0  0  0  0/0     6:30   1:33   0:00 
Pavel Zacha              0  1  1   1  0   2  0  0  0  0  0/1    18:56   1:43   0:00 
Robert Thomas            0  1  1  -1  2   3  0  0  0  0  4/4    18:15   1:43   0:00 
Ryan Donato              0  0  0   0  0   0  1  0  0  0  3/5     5:18   0:00   0:00 
Thomas Chabot            0  0  0   1  0   0  2  1  0  0  0/0    19:50   2:25   0:00 
Travis Hamonic           0  0  0  -1  0   1  5  0  0  0  0/0    17:22   0:00   0:00 
Travis Konecny           1  0  1   1  2   8  2  0  0  0  0/0    19:27   2:15   0:00 
William Carrier          0  1  1   1  0   1  1  0  0  0  0/0    16:53   0:00   0:52 
Yanni Gourde             1  0  1  -1  0   2  3  0  0  0  1/2    20:16   1:43   1:42 

3 Stars

1 - Marc Staal (POR)
2 - Yanni Gourde (POR)
3 - Travis Konecny (POR)

Power Play

RENO LIONS - 0 on 3 Attempt(s) - 0,00%
PORTLAND PIRATES - 0 on 2 Attempt(s) - 0,00%

Penalty Kill

RENO LIONS - 2 on 2 Attempt(s) - 100,00% - Score 0 goal in Penalty Kill
PORTLAND PIRATES - 3 on 3 Attempt(s) - 100,00% - Score 0 goal in Penalty Kill

Team Stat

RENO LIONS - Hits : 18 - Faceoff Wins : 30 - Blocked Shots : 11 - Penalty Minutes : 4
PORTLAND PIRATES - Hits : 22 - Faceoff Wins : 53 - Blocked Shots : 5 - Penalty Minutes : 6

Official

Referees : Peter MacDougall and Dan Kelly
Linesman : Matt MacPherson and Glen Cooke

Game Notes

No Game Note

Finance

Level 1 -- Attendance: 8090 (80,90%) -- Ticket Income 1 205 410 $
Level 2 -- Attendance: 6528 (81,60%) -- Ticket Income 711 552 $
Level 3 -- Attendance: 2655 (88,50%) -- Ticket Income 262 845 $
Level 4 -- Attendance: 2500 (100,00%) -- Ticket Income 222 500 $
Luxury Box -- Attendance: 1444 (96,27%) -- Ticket Income 417 316 $
Total Attendance: 21217 (84,87%)
Total Ticket Income: 2 819 623 $
Other Expense: 28 196 $
Total Income: 2 791 427 $

RENO LIONS

5 vs 5 Forward 
   Center                   Left Wing                Right Wing               Time % Phy DF OF 
 1 Pierre-Luc Dubois        Kirill Kaprizov          Elias Pettersson         35     0   1  4  
 2 Nick Bjugstad            Marcus Foligno           Dylan Strome             35     0   2  3  
 3 Trent Frederic           Nicholas Ritchie         Patrick Brown            20     1   3  1  
 4 Alex Steeves             Andreas Johnsson         Marian Studenic          10     2   3  0  

5 vs 5 Defense 
   Defense                  Defense                                           Time % Phy DF OF 
 1 Robert Hagg              Brady Skjei                                       35     1   2  2  
 2 Dante Fabbro             Justin Schultz                                    35     1   2  2  
 3 Ethan Bear               Juuso Valimaki                                    20     1   2  2  
 4 Justin Schultz           Brady Skjei                                       10     1   2  2  

PowerPlay Forward 
   Center                   Left Wing                Right Wing               Time % Phy DF OF 
 1 Pierre-Luc Dubois        Kirill Kaprizov          Elias Pettersson         65     0   0  5  
 2 Nick Bjugstad            Trent Frederic           Dylan Strome             35     0   0  5  

PowerPlay Defense
   Defense                  Defense                                           Time % Phy DF OF 
 1 Justin Schultz           Juuso Valimaki                                    60     1   2  2  
 2 Brady Skjei              Ethan Bear                                        40     1   2  2  

Penalty Kill 4 Players Forward 
   Center                   Wing                     Time % Phy DF OF 
 1 Elias Pettersson         Nick Bjugstad            55     1   3  1  
 2 Pierre-Luc Dubois        Kirill Kaprizov          45     1   3  1  

Penalty Kill 4 Players Defense
   Defense                  Defense                  Time % Phy DF OF 
 1 Justin Schultz           Brady Skjei              55     1   3  1  
 2 Ethan Bear               Juuso Valimaki           45     1   3  1  

Penalty Kill - 3 Players Forward 
   Forward                                           Time % Phy DF OF 
 1 Andreas Johnsson                                  55     1   4  0  
 2 Marian Studenic                                   45     1   4  0  

Penalty Kill - 3 Players Defense
   Defense                  Defense                  Time % Phy DF OF 
 1 Ethan Bear               Juuso Valimaki           55     1   4  0  
 2 Justin Schultz           Brady Skjei              45     1   4  0  

4 vs 4 Forward 
   Center                   Wing                     Time % Phy DF OF 
 1 Patrick Brown            Marcus Foligno           55     1   2  2  
 2 Alex Steeves             Nicholas Ritchie         45     1   2  2  

4 vs 4 Defense
   Defense                  Defense                  Time % Phy DF OF 
 1 Ethan Bear               Juuso Valimaki           55     1   2  2  
 2 Justin Schultz           Brady Skjei              45     1   2  2  

Last Minutes Offensive
   Center                   Left Wing                Right Wing               Defense                  Defense                  
   Pierre-Luc Dubois        Kirill Kaprizov          Elias Pettersson         Justin Schultz           Brady Skjei              

Last Minutes Defensive
   Center                   Left Wing                Right Wing               Defense                  Defense                  
   Pierre-Luc Dubois        Elias Pettersson         Nick Bjugstad            Robert Hagg              Brady Skjei              

Goaltenders
Starting : Stuart Skinner           
Backup : Elvis Merzlikins         

Extra Forwards
Normal : Dylan Strome, Marcus Foligno, Nicholas Ritchie - PP : Trent Frederic, Patrick Brown - PK : Andreas Johnsson
Extra Defensemen
Normal : Justin Schultz, Juuso Valimaki, Brady Skjei - PP : Justin Schultz - PK : Justin Schultz, Brady Skjei
Penalty Shots
Kirill Kaprizov, Elias Pettersson, Pierre-Luc Dubois, Dylan Strome, Nick Bjugstad
Custom OT Lines Forwards
Elias Pettersson, Kirill Kaprizov, Pierre-Luc Dubois, Dylan Strome, Nick Bjugstad, Marcus Foligno, Nicholas Ritchie, Trent Frederic, Patrick Brown, Marian Studenic
Custom OT Lines Defensemen
Brady Skjei, Justin Schultz, Robert Hagg, Ethan Bear, Juuso Valimaki

Scratches
Ilya Mikheyev (Left Hand Injury), Mattias Samuelsson (Healthy)

PORTLAND PIRATES

5 vs 5 Forward 
   Center                   Left Wing                Right Wing               Time % Phy DF OF 
 1 Mika Zibanejad           Pavel Zacha              Travis Konecny           33     0   2  3  
 2 Chandler Stephenson      Yanni Gourde             Robert Thomas            33     0   2  3  
 3 Michael McLeod           William Carrier          Michael Amadio           24     0   3  2  
 4 Ryan Donato              William Carrier          Nathan Bastian           10     0   3  2  

5 vs 5 Defense 
   Defense                  Defense                                           Time % Phy DF OF 
 1 Brett Pesce              Travis Hamonic                                    34     0   4  1  
 2 Brian Dumoulin           Thomas Chabot                                     34     0   4  1  
 3 Marc Staal               Alec Martinez                                     22     0   4  1  
 4 Nick Holden              Alec Martinez                                     10     0   4  1  

PowerPlay Forward 
   Center                   Left Wing                Right Wing               Time % Phy DF OF 
 1 Mika Zibanejad           Chandler Stephenson      Travis Konecny           60     0   0  5  
 2 Robert Thomas            Pavel Zacha              Yanni Gourde             40     0   0  5  

PowerPlay Defense
   Defense                  Defense                                           Time % Phy DF OF 
 1 Thomas Chabot            Michael Amadio                                    60     0   1  4  
 2 Nick Holden              Michael McLeod                                    40     0   1  4  

Penalty Kill 4 Players Forward 
   Center                   Wing                     Time % Phy DF OF 
 1 Michael McLeod           Nathan Bastian           60     0   5  0  
 2 Yanni Gourde             Michael Amadio           40     0   5  0  

Penalty Kill 4 Players Defense
   Defense                  Defense                  Time % Phy DF OF 
 1 Brett Pesce              Marc Staal               60     0   5  0  
 2 Brian Dumoulin           Alec Martinez            40     0   5  0  

Penalty Kill - 3 Players Forward 
   Forward                                           Time % Phy DF OF 
 1 Michael McLeod                                    55     0   5  0  
 2 Chandler Stephenson                               45     0   5  0  

Penalty Kill - 3 Players Defense
   Defense                  Defense                  Time % Phy DF OF 
 1 Brian Dumoulin           Travis Hamonic           55     0   5  0  
 2 Brett Pesce              Marc Staal               45     0   5  0  

4 vs 4 Forward 
   Center                   Wing                     Time % Phy DF OF 
 1 Mika Zibanejad           Travis Konecny           55     0   1  4  
 2 Chandler Stephenson      Robert Thomas            45     0   1  4  

4 vs 4 Defense
   Defense                  Defense                  Time % Phy DF OF 
 1 Thomas Chabot            Nick Holden              55     0   2  3  
 2 Alec Martinez            Travis Hamonic           45     0   2  3  

Last Minutes Offensive
   Center                   Left Wing                Right Wing               Defense                  Defense                  
   Mika Zibanejad           Travis Konecny           Robert Thomas            Thomas Chabot            Brett Pesce              

Last Minutes Defensive
   Center                   Left Wing                Right Wing               Defense                  Defense                  
   Michael McLeod           Chandler Stephenson      Yanni Gourde             Brian Dumoulin           Brett Pesce              

Goaltenders
Starting : Martin Jones             
Backup : Cameron Talbot           

Extra Forwards
Normal : William Carrier, Michael McLeod, Michael Amadio - PP : William Carrier, Michael Amadio - PK : William Carrier
Extra Defensemen
Normal : Alec Martinez, Marc Staal, Travis Hamonic - PP : Brett Pesce - PK : Alec Martinez, Nick Holden
Penalty Shots
Mika Zibanejad, Travis Konecny, Robert Thomas, Chandler Stephenson, Pavel Zacha
Custom OT Lines Forwards
Mika Zibanejad, Robert Thomas, Travis Konecny, Chandler Stephenson, Yanni Gourde, Pavel Zacha, William Carrier, Michael McLeod, Michael Amadio, Ryan Donato
Custom OT Lines Defensemen
Thomas Chabot, Brett Pesce, Brian Dumoulin, Travis Hamonic, Nick Holden

Scratches
Ryan McLeod (Left Hip Injury), Sam Steel (Back Spasms Injury)

% Time on Ice - RENO LIONS

Lines # - Real PCT - Wanted PCT - Time Play
Normal Forward
1 - 32% - 35% - 15:54
2 - 34% - 35% - 17:14
3 - 17% - 20% - 8:21
4 - 17% - 10% - 8:36
Normal Defense
1 - 34% - 35% - 16:51
2 - 35% - 35% - 17:39
3 - 29% - 20% - 14:20
4 - 2% - 10% - 1:15
PP Forward
1 - 52% - 65% - 3:07
2 - 48% - 35% - 2:50
PP Defense
1 - 40% - 60% - 2:23
2 - 60% - 40% - 3:34
PK Forward
1 - 63% - 55% - 2:31
2 - 37% - 45% - 1:27
PK Defense
1 - 52% - 55% - 2:04
2 - 48% - 45% - 1:54
PK3 Forward
1 - 0% - 55%
2 - 0% - 45%
PK3 Defense
1 - 0% - 55%
2 - 0% - 45%
44 Forward
1 - 0% - 55%
2 - 0% - 45%
44 Defense
1 - 0% - 55%
2 - 0% - 45%
Last Minute Offensive  - 0:00
Last Minute Defensive  - 0:00
Total
Forward - 60:00
Defense - 60:00

% Time on Ice - PORTLAND PIRATES

Lines # - Real PCT - Wanted PCT - Time Play
Normal Forward
1 - 35% - 33% - 17:13
2 - 33% - 33% - 16:33
3 - 22% - 24% - 10:43
4 - 11% - 10% - 5:18
Normal Defense
1 - 35% - 34% - 17:22
2 - 35% - 34% - 17:25
3 - 20% - 22% - 10:03
4 - 10% - 10% - 4:57
PP Forward
1 - 57% - 60% - 2:15
2 - 43% - 40% - 1:43
PP Defense
1 - 61% - 60% - 2:25
2 - 39% - 40% - 1:33
PK Forward
1 - 71% - 60% - 4:15
2 - 29% - 40% - 1:42
PK Defense
1 - 55% - 60% - 3:16
2 - 45% - 40% - 2:41
PK3 Forward
1 - 0% - 55%
2 - 0% - 45%
PK3 Defense
1 - 0% - 55%
2 - 0% - 45%
44 Forward
1 - 0% - 55%
2 - 0% - 45%
44 Defense
1 - 0% - 55%
2 - 0% - 45%
Last Minute Offensive  - 0:00
Last Minute Defensive  - 0:18
Total
Forward - 60:00
Defense - 60:00

Play-by-Play

1st period


0:01 of 1st period - Mika Zibanejad wins face-off versus Pierre-Luc Dubois in neutral zone.
0:10 of 1st period - Shot by Pavel Zacha.
0:10 of 1st period - Shot Misses the Net.
0:18 of 1st period - Shot by Elias Pettersson.
0:18 of 1st period - Stopped by Martin Jones without a rebound.
0:19 of 1st period - Chandler Stephenson wins face-off versus Nick Bjugstad in PORTLAND PIRATES zone.
0:30 of 1st period - Shot by Yanni Gourde.
0:30 of 1st period - Shot Blocked by Justin Schultz.
1:26 of 1st period - Patrick Brown is hit by Marc Staal and loses puck.
1:29 of 1st period - Shot by Ethan Bear.
1:29 of 1st period - Shot Blocked by Marc Staal.
1:47 of 1st period - Shot by Michael McLeod.
1:47 of 1st period - Shot Misses the Net.
1:57 of 1st period - Shot by Nicholas Ritchie.
1:57 of 1st period - Shot Misses the Net.
2:13 of 1st period - Icing by William Carrier.
2:14 of 1st period - Michael McLeod wins face-off versus Alex Steeves in PORTLAND PIRATES zone.
2:36 of 1st period - Shot by Pavel Zacha.
2:36 of 1st period - Deflect By Mika Zibanejad.
2:36 of 1st period - Shot Misses the Net.
2:38 of 1st period - Shot by Travis Konecny.
2:38 of 1st period - Stopped by Stuart Skinner with a rebound.
2:40 of 1st period - Shot by Mika Zibanejad.
2:40 of 1st period - Stopped by Stuart Skinner without a rebound.
2:41 of 1st period - Chandler Stephenson wins face-off versus Pierre-Luc Dubois in RENO LIONS zone.
3:03 of 1st period - Shot by Robert Thomas.
3:03 of 1st period - Shot Misses the Net.
3:23 of 1st period - Shot by Elias Pettersson.
3:23 of 1st period - Stopped by Martin Jones without a rebound.
3:24 of 1st period - Nick Bjugstad wins face-off versus Mika Zibanejad in PORTLAND PIRATES zone.
3:27 of 1st period - Shot by Marcus Foligno.
3:27 of 1st period - Stopped by Martin Jones without a rebound.
3:28 of 1st period - Mika Zibanejad wins face-off versus Marcus Foligno in PORTLAND PIRATES zone.
3:28 of 1st period - Mika Zibanejad is hit by Marcus Foligno.
3:48 of 1st period - Off-side.
3:49 of 1st period - Ryan Donato wins face-off versus Pierre-Luc Dubois in neutral zone.
4:02 of 1st period - Brady Skjei is hit by Ryan Donato and loses puck.
4:09 of 1st period - Shot by Elias Pettersson.
4:09 of 1st period - Shot Blocked by Nathan Bastian.
4:50 of 1st period - Icing by Trent Frederic.
4:51 of 1st period - Mika Zibanejad wins face-off versus Trent Frederic in RENO LIONS zone.
4:54 of 1st period - Shot by Travis Konecny.
4:54 of 1st period - Stopped by Stuart Skinner without a rebound.
4:55 of 1st period - Nick Bjugstad wins face-off versus Mika Zibanejad in RENO LIONS zone.
4:55 of 1st period - Marcus Foligno is hit by Travis Konecny and loses puck.
5:14 of 1st period - Shot by Travis Konecny.
5:14 of 1st period - Stopped by Stuart Skinner with a rebound.
5:16 of 1st period - Shot by Brett Pesce.
5:16 of 1st period - Shot Misses the Net.
5:18 of 1st period - Shot by Brett Pesce.
5:18 of 1st period - Stopped by Stuart Skinner without a rebound.
5:19 of 1st period - Chandler Stephenson wins face-off versus Alex Steeves in RENO LIONS zone.
5:30 of 1st period - Shot by Chandler Stephenson.
5:30 of 1st period - Shot Blocked by Juuso Valimaki.
5:32 of 1st period - Shot by Chandler Stephenson.
5:32 of 1st period - Deflect By Robert Thomas.
5:32 of 1st period - Shot Misses the Net.
5:34 of 1st period - Shot by Chandler Stephenson.
5:34 of 1st period - Shot Blocked by Ethan Bear.
5:38 of 1st period - Shot by Yanni Gourde.
5:38 of 1st period - Goal by Yanni Gourde - RENO LIONS : 0 - PORTLAND PIRATES : 1.
5:39 of 1st period - Nick Bjugstad wins face-off versus Mika Zibanejad in neutral zone.
5:44 of 1st period - Shot by Marcus Foligno.
5:44 of 1st period - Shot Blocked by Mika Zibanejad.
5:50 of 1st period - Shot by Travis Konecny.
5:50 of 1st period - Stopped by Stuart Skinner without a rebound.
5:51 of 1st period - Trent Frederic wins face-off versus Michael McLeod in RENO LIONS zone.
5:58 of 1st period - Shot by Trent Frederic.
5:58 of 1st period - Stopped by Martin Jones without a rebound.
5:59 of 1st period - Pierre-Luc Dubois wins face-off versus Mika Zibanejad in PORTLAND PIRATES zone.
6:06 of 1st period - Shot by Mika Zibanejad.
6:06 of 1st period - Shot Blocked by Dante Fabbro.
6:14 of 1st period - Shot by Mika Zibanejad.
6:14 of 1st period - Shot Misses the Net.
6:16 of 1st period - Shot by Mika Zibanejad.
6:16 of 1st period - Deflect By Pavel Zacha.
6:16 of 1st period - Shot Misses the Net.
6:18 of 1st period - Shot by Travis Konecny.
6:18 of 1st period - Stopped by Stuart Skinner with a rebound.
6:23 of 1st period - Mika Zibanejad is hit by Dante Fabbro and loses puck.
6:26 of 1st period - Shot by Travis Konecny.
6:26 of 1st period - Shot Misses the Net.
6:28 of 1st period - Shot by Travis Konecny.
6:28 of 1st period - Stopped by Stuart Skinner with a rebound.
6:56 of 1st period - Minor Penalty to Pierre-Luc Dubois for Holding.
6:57 of 1st period - Robert Thomas wins face-off versus Elias Pettersson in RENO LIONS zone.
7:06 of 1st period - Shot by Yanni Gourde.
7:06 of 1st period - Stopped by Stuart Skinner without a rebound.
7:07 of 1st period - Mika Zibanejad wins face-off versus Elias Pettersson in RENO LIONS zone.
7:08 of 1st period - Shot by Travis Konecny.
7:08 of 1st period - Stopped by Stuart Skinner with a rebound.
8:02 of 1st period - Off-side.
8:03 of 1st period - Robert Thomas wins face-off versus Elias Pettersson in neutral zone.
8:06 of 1st period - Ethan Bear is hit by Yanni Gourde and loses puck.
8:15 of 1st period - Shot by Robert Thomas.
8:15 of 1st period - Stopped by Stuart Skinner without a rebound.
8:16 of 1st period - Robert Thomas wins face-off versus Elias Pettersson in RENO LIONS zone.
8:34 of 1st period - Off-side.
8:35 of 1st period - Elias Pettersson wins face-off versus Mika Zibanejad in neutral zone.
9:20 of 1st period - Shot by Trent Frederic.
9:20 of 1st period - Shot Misses the Net.
9:22 of 1st period - Shot by Patrick Brown.
9:22 of 1st period - Deflect By Trent Frederic.
9:22 of 1st period - Shot Misses the Net.
9:24 of 1st period - Shot by Patrick Brown.
9:24 of 1st period - Shot Blocked by Marc Staal.
9:39 of 1st period - Icing by Nathan Bastian.
9:40 of 1st period - Nick Bjugstad wins face-off versus Ryan Donato in PORTLAND PIRATES zone.
9:41 of 1st period - Shot by Dylan Strome.
9:41 of 1st period - Shot Misses the Net.
9:58 of 1st period - Icing by Alec Martinez.
9:59 of 1st period - Pierre-Luc Dubois wins face-off versus Ryan Donato in PORTLAND PIRATES zone.
11:51 of 1st period - Icing by Ethan Bear.
11:52 of 1st period - Chandler Stephenson wins face-off versus Trent Frederic in RENO LIONS zone.
12:16 of 1st period - Robert Thomas is hit by Ethan Bear and loses puck.
12:26 of 1st period - Shot by Robert Thomas.
12:26 of 1st period - Stopped by Stuart Skinner without a rebound.
12:27 of 1st period - Pierre-Luc Dubois wins face-off versus Pavel Zacha in RENO LIONS zone.
13:44 of 1st period - Icing by Brian Dumoulin.
13:45 of 1st period - Chandler Stephenson wins face-off versus Nick Bjugstad in PORTLAND PIRATES zone.
14:08 of 1st period - Shot by Nick Bjugstad.
14:08 of 1st period - Shot Misses the Net.
15:21 of 1st period - Travis Konecny is hit by Ethan Bear and loses puck.
15:46 of 1st period - Juuso Valimaki is hit by William Carrier and loses puck.
16:21 of 1st period - Elias Pettersson is hit by Travis Konecny and loses puck.
16:32 of 1st period - Shot by Mika Zibanejad.
16:32 of 1st period - Shot Blocked by Justin Schultz.
16:36 of 1st period - Shot by Travis Konecny.
16:36 of 1st period - Deflect By Mika Zibanejad.
16:36 of 1st period - Shot Blocked by Brady Skjei.
16:38 of 1st period - Shot by Brett Pesce.
16:38 of 1st period - Stopped by Stuart Skinner without a rebound.
16:39 of 1st period - Chandler Stephenson wins face-off versus Nick Bjugstad in RENO LIONS zone.
16:48 of 1st period - Shot by Nick Bjugstad.
16:48 of 1st period - Stopped by Martin Jones without a rebound.
16:49 of 1st period - Chandler Stephenson wins face-off versus Dylan Strome in PORTLAND PIRATES zone.
16:49 of 1st period - Chandler Stephenson is hit by Marcus Foligno.
17:35 of 1st period - Dylan Strome is hit by Yanni Gourde and loses puck.
17:56 of 1st period - Shot by Travis Konecny.
17:56 of 1st period - Shot Misses the Net.
17:58 of 1st period - Shot by Travis Konecny.
17:58 of 1st period - Shot Misses the Net.
18:03 of 1st period - Icing by Brady Skjei.
18:04 of 1st period - Michael McLeod wins face-off versus Trent Frederic in RENO LIONS zone.
18:24 of 1st period - Patrick Brown is hit by Travis Hamonic.
18:26 of 1st period - Shot by Brady Skjei.
18:26 of 1st period - Stopped by Martin Jones without a rebound.
18:27 of 1st period - Pierre-Luc Dubois wins face-off versus Mika Zibanejad in PORTLAND PIRATES zone.
18:28 of 1st period - Shot by Elias Pettersson.
18:28 of 1st period - Shot Misses the Net.
18:42 of 1st period - Shot by Pierre-Luc Dubois.
18:42 of 1st period - Stopped by Martin Jones without a rebound.
18:43 of 1st period - Michael Amadio wins face-off versus Andreas Johnsson in PORTLAND PIRATES zone.
18:43 of 1st period - Michael Amadio is hit by Andreas Johnsson.
18:57 of 1st period - Shot by Michael Amadio.
18:57 of 1st period - Stopped by Stuart Skinner without a rebound.
18:58 of 1st period - Chandler Stephenson wins face-off versus Nick Bjugstad in RENO LIONS zone.
19:05 of 1st period - Shot by Chandler Stephenson.
19:05 of 1st period - Shot Misses the Net.
19:40 of 1st period - Chandler Stephenson is hit by Juuso Valimaki.
19:58 of 1st period - Michael McLeod is hit by Juuso Valimaki and loses puck.
Goals for this period are 0 for RENO LIONS vs 1 for PORTLAND PIRATES.
Shots for this period are 7 for RENO LIONS vs 15 for PORTLAND PIRATES.

2nd period


0:01 of 2nd period - Pierre-Luc Dubois wins face-off versus Michael McLeod in neutral zone.
0:26 of 2nd period - Shot by Michael McLeod.
0:26 of 2nd period - Shot Blocked by Elias Pettersson.
0:29 of 2nd period - Icing by Brady Skjei.
0:30 of 2nd period - Pierre-Luc Dubois wins face-off versus Mika Zibanejad in RENO LIONS zone.
1:02 of 2nd period - Kirill Kaprizov is hit by Thomas Chabot and loses puck.
1:06 of 2nd period - Icing by Thomas Chabot.
1:07 of 2nd period - Mika Zibanejad wins face-off versus Marcus Foligno in PORTLAND PIRATES zone.
1:11 of 2nd period - Travis Konecny is hit by Marcus Foligno.
1:21 of 2nd period - Shot by Mika Zibanejad.
1:21 of 2nd period - Stopped by Stuart Skinner with a rebound.
1:23 of 2nd period - Shot by Pavel Zacha.
1:23 of 2nd period - Stopped by Stuart Skinner with a rebound.
2:36 of 2nd period - Minor Penalty to Robert Thomas for Hooking.
2:37 of 2nd period - Pierre-Luc Dubois wins face-off versus Nathan Bastian in PORTLAND PIRATES zone.
3:34 of 2nd period - Shot by Nick Bjugstad.
3:34 of 2nd period - Stopped by Martin Jones without a rebound.
3:35 of 2nd period - Nick Bjugstad wins face-off versus Yanni Gourde in PORTLAND PIRATES zone.
3:52 of 2nd period - Shot by Dylan Strome.
3:52 of 2nd period - Stopped by Martin Jones without a rebound.
3:53 of 2nd period - Michael McLeod wins face-off versus Pierre-Luc Dubois in PORTLAND PIRATES zone.
3:59 of 2nd period - Icing by Pierre-Luc Dubois.
4:00 of 2nd period - Michael McLeod wins face-off versus Pierre-Luc Dubois in RENO LIONS zone.
4:08 of 2nd period - Off-side.
4:09 of 2nd period - Nick Bjugstad wins face-off versus Nathan Bastian in neutral zone.
4:28 of 2nd period - Shot by Dylan Strome.
4:28 of 2nd period - Shot Misses the Net.
4:30 of 2nd period - Shot by Dylan Strome.
4:30 of 2nd period - Stopped by Martin Jones without a rebound.
4:31 of 2nd period - Yanni Gourde wins face-off versus Pierre-Luc Dubois in PORTLAND PIRATES zone.
4:31 of 2nd period - Yanni Gourde is hit by Pierre-Luc Dubois.
5:02 of 2nd period - Shot by Mika Zibanejad.
5:02 of 2nd period - Shot Misses the Net.
5:04 of 2nd period - Shot by Pavel Zacha.
5:04 of 2nd period - Stopped by Stuart Skinner without a rebound.
5:05 of 2nd period - Pierre-Luc Dubois wins face-off versus Chandler Stephenson in RENO LIONS zone.
5:05 of 2nd period - Pierre-Luc Dubois is hit by Chandler Stephenson.
5:29 of 2nd period - Shot by Robert Thomas.
5:29 of 2nd period - Stopped by Stuart Skinner without a rebound.
5:30 of 2nd period - Mika Zibanejad wins face-off versus Trent Frederic in RENO LIONS zone.
5:33 of 2nd period - Shot by Mika Zibanejad.
5:33 of 2nd period - Stopped by Stuart Skinner with a rebound.
6:39 of 2nd period - Shot by Kirill Kaprizov.
6:39 of 2nd period - Stopped by Martin Jones with a rebound.
6:41 of 2nd period - Shot by Brady Skjei.
6:41 of 2nd period - Shot Misses the Net.
6:43 of 2nd period - Shot by Brady Skjei.
6:43 of 2nd period - Stopped by Martin Jones without a rebound.
6:44 of 2nd period - Pierre-Luc Dubois wins face-off versus Michael McLeod in PORTLAND PIRATES zone.
6:44 of 2nd period - Kirill Kaprizov is hit by Brian Dumoulin and loses puck.
7:32 of 2nd period - Icing by Thomas Chabot.
7:33 of 2nd period - Nick Bjugstad wins face-off versus Michael McLeod in PORTLAND PIRATES zone.
7:33 of 2nd period - Marcus Foligno is hit by Thomas Chabot and loses puck.
7:38 of 2nd period - Shot by Marcus Foligno.
7:38 of 2nd period - Shot Blocked by Thomas Chabot.
7:53 of 2nd period - Off-side.
7:54 of 2nd period - Chandler Stephenson wins face-off versus Alex Steeves in neutral zone.
8:03 of 2nd period - Icing by Juuso Valimaki.
8:04 of 2nd period - Chandler Stephenson wins face-off versus Marian Studenic in RENO LIONS zone.
8:50 of 2nd period - Off-side.
8:51 of 2nd period - Mika Zibanejad wins face-off versus Nick Bjugstad in neutral zone.
9:08 of 2nd period - Shot by Mika Zibanejad.
9:08 of 2nd period - Shot Misses the Net.
9:51 of 2nd period - Off-side.
9:52 of 2nd period - Chandler Stephenson wins face-off versus Kirill Kaprizov in neutral zone.
10:18 of 2nd period - Pierre-Luc Dubois is hit by Marc Staal and loses puck.
10:37 of 2nd period - Shot by Kirill Kaprizov.
10:37 of 2nd period - Stopped by Martin Jones without a rebound.
10:38 of 2nd period - Michael McLeod wins face-off versus Trent Frederic in PORTLAND PIRATES zone.
10:57 of 2nd period - Icing by Michael Amadio.
10:58 of 2nd period - Alex Steeves wins face-off versus Michael McLeod in PORTLAND PIRATES zone.
11:05 of 2nd period - Shot by Marian Studenic.
11:05 of 2nd period - Stopped by Martin Jones without a rebound.
11:06 of 2nd period - Nick Bjugstad wins face-off versus Mika Zibanejad in PORTLAND PIRATES zone.
11:11 of 2nd period - Shot by Nick Bjugstad.
11:11 of 2nd period - Shot Misses the Net.
12:42 of 2nd period - Shot by William Carrier.
12:42 of 2nd period - Shot Misses the Net.
13:04 of 2nd period - Trent Frederic is hit by Chandler Stephenson and loses puck.
13:25 of 2nd period - Shot by Chandler Stephenson.
13:25 of 2nd period - Stopped by Stuart Skinner without a rebound.
13:26 of 2nd period - Mika Zibanejad wins face-off versus Nick Bjugstad in RENO LIONS zone.
13:26 of 2nd period - Travis Konecny is hit by Ethan Bear and loses puck.
13:34 of 2nd period - Pavel Zacha is hit by Ethan Bear and loses puck.
13:51 of 2nd period - Mika Zibanejad is hit by Juuso Valimaki and loses puck.
14:08 of 2nd period - Shot by Pavel Zacha.
14:08 of 2nd period - Shot Misses the Net.
15:04 of 2nd period - Robert Thomas is hit by Justin Schultz and loses puck.
15:50 of 2nd period - Shot by William Carrier.
15:50 of 2nd period - Stopped by Stuart Skinner without a rebound.
15:51 of 2nd period - Mika Zibanejad wins face-off versus Trent Frederic in RENO LIONS zone.
16:00 of 2nd period - Shot by Mika Zibanejad.
16:00 of 2nd period - Shot Blocked by Juuso Valimaki.
16:02 of 2nd period - Shot by Brian Dumoulin.
16:02 of 2nd period - Shot Blocked by Ethan Bear.
16:07 of 2nd period - Icing by Trent Frederic.
16:08 of 2nd period - Ryan Donato wins face-off versus Trent Frederic in RENO LIONS zone.
16:09 of 2nd period - Shot by Nathan Bastian.
16:09 of 2nd period - Shot Misses the Net.
16:19 of 2nd period - Shot by Trent Frederic.
16:19 of 2nd period - Stopped by Martin Jones without a rebound.
16:20 of 2nd period - Mika Zibanejad wins face-off versus Nick Bjugstad in PORTLAND PIRATES zone.
16:22 of 2nd period - Icing by Travis Konecny.
16:23 of 2nd period - Nick Bjugstad wins face-off versus Mika Zibanejad in PORTLAND PIRATES zone.
16:24 of 2nd period - Shot by Dylan Strome.
16:24 of 2nd period - Stopped by Martin Jones without a rebound.
16:25 of 2nd period - Nick Bjugstad wins face-off versus Michael McLeod in PORTLAND PIRATES zone.
16:28 of 2nd period - Shot by Marcus Foligno.
16:28 of 2nd period - Shot Hit the Post.
16:34 of 2nd period - Shot by Michael McLeod.
16:34 of 2nd period - Shot Misses the Net.
16:36 of 2nd period - Shot by Marc Staal.
16:36 of 2nd period - Stopped by Stuart Skinner with a rebound.
16:38 of 2nd period - Shot by Marc Staal.
16:38 of 2nd period - Goal by Marc Staal - RENO LIONS : 0 - PORTLAND PIRATES : 2.
16:39 of 2nd period - Pierre-Luc Dubois wins face-off versus Chandler Stephenson in neutral zone.
16:46 of 2nd period - Shot by Pierre-Luc Dubois.
16:46 of 2nd period - Goal by Pierre-Luc Dubois - RENO LIONS : 1 - PORTLAND PIRATES : 2.
16:47 of 2nd period - Michael McLeod wins face-off versus Pierre-Luc Dubois in neutral zone.
16:49 of 2nd period - Minor Penalty to Kirill Kaprizov for Tripping.
16:50 of 2nd period - Mika Zibanejad wins face-off versus Elias Pettersson in RENO LIONS zone.
17:19 of 2nd period - Shot by Mika Zibanejad.
17:19 of 2nd period - Stopped by Stuart Skinner without a rebound.
17:20 of 2nd period - Robert Thomas wins face-off versus Pierre-Luc Dubois in RENO LIONS zone.
18:53 of 2nd period - Juuso Valimaki is hit by Travis Hamonic and loses puck.
19:05 of 2nd period - Nicholas Ritchie is hit by Nathan Bastian and loses puck.
19:09 of 2nd period - Patrick Brown is hit by Brett Pesce and loses puck.
19:26 of 2nd period - Shot by Travis Hamonic.
19:26 of 2nd period - Stopped by Stuart Skinner without a rebound.
19:27 of 2nd period - Chandler Stephenson wins face-off versus Alex Steeves in RENO LIONS zone.
Goals for this period are 1 for RENO LIONS vs 1 for PORTLAND PIRATES.
Shots for this period are 10 for RENO LIONS vs 11 for PORTLAND PIRATES.

3rd period


0:01 of 3rd period - Michael McLeod wins face-off versus Pierre-Luc Dubois in neutral zone.
0:12 of 3rd period - Shot by Michael McLeod.
0:12 of 3rd period - Stopped by Stuart Skinner without a rebound.
0:13 of 3rd period - Mika Zibanejad wins face-off versus Nick Bjugstad in RENO LIONS zone.
0:37 of 3rd period - Shot by Travis Konecny.
0:37 of 3rd period - Shot Hit the Post.
0:39 of 3rd period - Shot by Mika Zibanejad.
0:39 of 3rd period - Shot Blocked by Brady Skjei.
0:43 of 3rd period - Shot by Travis Konecny.
0:43 of 3rd period - Goal by Travis Konecny - RENO LIONS : 1 - PORTLAND PIRATES : 3.
0:44 of 3rd period - Michael McLeod wins face-off versus Kirill Kaprizov in neutral zone.
2:07 of 3rd period - Icing by Dylan Strome.
2:08 of 3rd period - Nick Bjugstad wins face-off versus Chandler Stephenson in RENO LIONS zone.
2:08 of 3rd period - Nick Bjugstad is hit by Yanni Gourde.
3:11 of 3rd period - Nicholas Ritchie is hit by Travis Hamonic and loses puck.
3:59 of 3rd period - Shot by Pierre-Luc Dubois.
3:59 of 3rd period - Shot Misses the Net.
4:12 of 3rd period - Icing by Dante Fabbro.
4:13 of 3rd period - Ryan Donato wins face-off versus Pierre-Luc Dubois in RENO LIONS zone.
4:16 of 3rd period - Shot by William Carrier.
4:16 of 3rd period - Shot Misses the Net.
4:32 of 3rd period - Shot by William Carrier.
4:32 of 3rd period - Shot Misses the Net.
5:45 of 3rd period - Shot by Dylan Strome.
5:45 of 3rd period - Shot Misses the Net.
6:04 of 3rd period - Shot by Nick Bjugstad.
6:04 of 3rd period - Deflect By Dylan Strome.
6:04 of 3rd period - Shot Misses the Net.
6:19 of 3rd period - Icing by Robert Hagg.
6:20 of 3rd period - Chandler Stephenson wins face-off versus Dylan Strome in RENO LIONS zone.
6:21 of 3rd period - Shot by Yanni Gourde.
6:21 of 3rd period - Shot Misses the Net.
6:59 of 3rd period - Shot by Chandler Stephenson.
6:59 of 3rd period - Stopped by Stuart Skinner without a rebound.
7:00 of 3rd period - Trent Frederic wins face-off versus Michael McLeod in RENO LIONS zone.
7:02 of 3rd period - Icing by Juuso Valimaki.
7:03 of 3rd period - Michael McLeod wins face-off versus Trent Frederic in RENO LIONS zone.
7:09 of 3rd period - Michael McLeod is hit by Juuso Valimaki and loses puck.
7:41 of 3rd period - Off-side.
7:42 of 3rd period - Chandler Stephenson wins face-off versus Alex Steeves in neutral zone.
7:52 of 3rd period - Marian Studenic is hit by Travis Hamonic and loses puck.
7:57 of 3rd period - Shot by Marian Studenic.
7:57 of 3rd period - Deflect By Alex Steeves.
7:57 of 3rd period - Shot Hit the Post.
8:06 of 3rd period - Marian Studenic is hit by Travis Hamonic and loses puck.
8:11 of 3rd period - Shot by Marian Studenic.
8:11 of 3rd period - Shot Misses the Net.
8:13 of 3rd period - Shot by Robert Hagg.
8:13 of 3rd period - Goal by Robert Hagg - RENO LIONS : 2 - PORTLAND PIRATES : 3.
8:14 of 3rd period - Mika Zibanejad wins face-off versus Nick Bjugstad in neutral zone.
8:30 of 3rd period - Mika Zibanejad is hit by Juuso Valimaki.
8:34 of 3rd period - Shot by Travis Konecny.
8:34 of 3rd period - Shot Misses the Net.
8:36 of 3rd period - Shot by Mika Zibanejad.
8:36 of 3rd period - Stopped by Stuart Skinner without a rebound.
8:37 of 3rd period - Michael McLeod wins face-off versus Pierre-Luc Dubois in RENO LIONS zone.
9:11 of 3rd period - Minor Penalty to Michael Amadio for Boarding.
9:12 of 3rd period - Nick Bjugstad wins face-off versus Nathan Bastian in PORTLAND PIRATES zone.
9:25 of 3rd period - Shot by Trent Frederic.
9:25 of 3rd period - Stopped by Martin Jones with a rebound.
9:34 of 3rd period - Icing by Dylan Strome.
9:35 of 3rd period - Nick Bjugstad wins face-off versus Michael McLeod in RENO LIONS zone.
10:11 of 3rd period - Icing by Ethan Bear.
10:12 of 3rd period - Michael McLeod wins face-off versus Nick Bjugstad in RENO LIONS zone.
10:19 of 3rd period - Shot by Michael McLeod.
10:19 of 3rd period - Stopped by Stuart Skinner with a rebound.
10:21 of 3rd period - Shot by Marc Staal.
10:21 of 3rd period - Stopped by Stuart Skinner without a rebound.
10:22 of 3rd period - Pierre-Luc Dubois wins face-off versus Michael McLeod in RENO LIONS zone.
10:58 of 3rd period - Shot by Pierre-Luc Dubois.
10:58 of 3rd period - Deflect By Elias Pettersson.
10:58 of 3rd period - Stopped by Martin Jones without a rebound.
10:59 of 3rd period - Michael McLeod wins face-off versus Nick Bjugstad in PORTLAND PIRATES zone.
11:06 of 3rd period - Shot by Dylan Strome.
11:06 of 3rd period - Shot Hit the Post.
13:34 of 3rd period - Shot by Dylan Strome.
13:34 of 3rd period - Shot Misses the Net.
14:06 of 3rd period - Shot by Nicholas Ritchie.
14:06 of 3rd period - Stopped by Martin Jones without a rebound.
14:07 of 3rd period - Mika Zibanejad wins face-off versus Andreas Johnsson in PORTLAND PIRATES zone.
14:21 of 3rd period - Andreas Johnsson is hit by Brian Dumoulin.
14:37 of 3rd period - Shot by Mika Zibanejad.
14:37 of 3rd period - Shot Misses the Net.
14:48 of 3rd period - Minor Penalty to Travis Konecny for Holding.
14:49 of 3rd period - Pierre-Luc Dubois wins face-off versus Michael McLeod in PORTLAND PIRATES zone.
15:09 of 3rd period - Shot by Kirill Kaprizov.
15:09 of 3rd period - Shot Misses the Net.
15:11 of 3rd period - Shot by Kirill Kaprizov.
15:11 of 3rd period - Stopped by Martin Jones without a rebound.
15:12 of 3rd period - Nick Bjugstad wins face-off versus Michael McLeod in PORTLAND PIRATES zone.
15:15 of 3rd period - Shot by Dylan Strome.
15:15 of 3rd period - Stopped by Martin Jones without a rebound.
15:16 of 3rd period - Michael McLeod wins face-off versus Pierre-Luc Dubois in PORTLAND PIRATES zone.
16:21 of 3rd period - Shot by Nathan Bastian.
16:21 of 3rd period - Stopped by Stuart Skinner without a rebound.
16:22 of 3rd period - Michael McLeod wins face-off versus Nick Bjugstad in RENO LIONS zone.
16:29 of 3rd period - Shot by Michael McLeod.
16:29 of 3rd period - Shot Misses the Net.
17:01 of 3rd period - Shot by Mika Zibanejad.
17:01 of 3rd period - Shot Misses the Net.
17:15 of 3rd period - Shot by Mika Zibanejad.
17:15 of 3rd period - Deflect By Travis Konecny.
17:15 of 3rd period - Shot Blocked by Robert Hagg.
17:27 of 3rd period - Shot by Mika Zibanejad.
17:27 of 3rd period - Shot Misses the Net.
17:47 of 3rd period - Shot by Robert Thomas.
17:47 of 3rd period - Shot Misses the Net.
17:49 of 3rd period - Shot by Chandler Stephenson.
17:49 of 3rd period - Stopped by Stuart Skinner without a rebound.
17:50 of 3rd period - Chandler Stephenson wins face-off versus Nick Bjugstad in RENO LIONS zone.
17:50 of 3rd period - Robert Thomas is hit by Dante Fabbro and loses puck.
17:53 of 3rd period - Shot by Yanni Gourde.
17:53 of 3rd period - Shot Misses the Net.
18:52 of 3rd period - Icing by Nick Bjugstad.
18:53 of 3rd period - Mika Zibanejad wins face-off versus Nick Bjugstad in RENO LIONS zone.
18:53 of 3rd period - Travis Konecny is hit by Dante Fabbro and loses puck.
Goals for this period are 1 for RENO LIONS vs 1 for PORTLAND PIRATES.
Shots for this period are 6 for RENO LIONS vs 8 for PORTLAND PIRATES.


BLAKE
WHEELER
STEVEN
STAMKOS
DREW
DOUGHTY

EAST COAST

HOCKEY LEAGUE

  • 63.RHI2PIT5
  • 64.WOR4ATL3
  • 65.QUECHW
  • 66.CHATRV